 Dungeon Crawl Stone Soup version 0.29-a0-364-g921d912d32 (webtiles) character file.

Game seed: 3874690117741627711

641 croobank the Sneak (level 7, -3/45 HPs)
             Began as an Octopode Fire Elementalist on Apr 30, 2022.
             Killed from afar by an orc (41 damage)
             ... with a bolt of acid
             ... on level 4 of the Dungeon.
             The game lasted 00:16:08 (5333 turns).

croobank the Sneak (Octopode Fire Elementalist)     Turns: 5333, Time: 00:16:09

Health: -3/45      AC:  1    Str:  7    XL:     7   Next: 51%
Magic:  12/12      EV: 14    Int: 20    God:
Gold:   74         SH:  0    Dex: 12    Spells: 6/13 levels left

rFire   . . .      SeeInvis .   a - +0 dagger (pain)
rCold   . . .      Faith    .   (no shield)
rNeg    . . .      Spirit   .   (helmet restricted)
rPois   .          Reflect  .   (no amulet)
rElec   .          Harm     .   l - ring of wizardry
rCorr   .          Rampage  .   o - +4 ring of protection
Will    +....                   p - ring of willpower
Stlth   ++++......              (no ring)
HPRegen 0.15/turn               (no ring)
MPRegen 0.13/turn               (no ring)
                                (no ring)
                                (no ring)

@: corroded
A: almost no armour, amphibious, 8 rings, camouflage 1, gelatinous body 1,
(nimble swimmer 1), tentacles
a: no special abilities


You were on level 4 of the Dungeon.
You visited 1 branch of the dungeon, and saw 4 of its levels.

You collected 118 gold pieces.
You spent 44 gold pieces at shops.

Inventory:

Hand Weapons
 a - a +0 dagger of pain (weapon)
 b - a +0 hunting sling
 e - a +0 short sword
 f - a +0 war axe
 m - a +0 morningstar
Missiles
 c - 75 stones
 k - 7 boomerangs of dispersal (quivered)
Jewellery
 l - a ring of wizardry (left tentacle)
 o - a +4 ring of protection (right tentacle)
 p - a ring of willpower (on tentacle)
Scrolls
 d - a scroll of immolation
 h - 2 scrolls of teleportation
 q - a scroll of blinking
Potions
 g - a potion of ambrosia
 j - a potion of lignification
 n - a potion of brilliance


   Skills:
 + Level 2.4 Fighting
 + Level 3.6 Dodging
 + Level 5.5 Stealth
 + Level 3.5 Spellcasting
 + Level 3.2 Conjurations
 + Level 4.4 Fire Magic


You had 6 spell levels left.
You knew the following spells:

 Your Spells              Type           Power      Damage    Failure   Level
a - Foxfire               Conj/Fire      72%        2x1d7     1%          1
b - Scorch                Fire           42%        2d7       1%          2
c - Flame Wave            Conj/Fire      18%        2d6       12%         4

Your spell library contained the following spells:

 Spells                   Type           Power      Damage    Failure   Level
 Conjure Flame            Conj/Fire      18%        6-21      3%          3
 Inner Flame              Hex/Fire       12%        N/A       6%          3


Dungeon Overview and Level Annotations

Branches:
Dungeon (4/15)
 Temple: D:4-7

Altars:

Shops:
D:4 ?


Innate Abilities, Weirdness & Mutations

You cannot wear most types of armour.
You are amphibious.
You can wear up to eight rings at the same time.
Your skin changes colour to match your surroundings (Stealth+).
Your rubbery body absorbs attacks. (AC +1, EV +1)
((You are camouflaged when in or above water. (Stealth+)))
You have tentacles for arms and can constrict up to eight enemies at once.


Message History

You feel very sick.
You hit the orc. You grab the orc. Your squeeze misses the orc.
The orc is lightly wounded.
You constrict the orc.
You feel sick. The orc barely misses you.
You hit the orc. You squeeze the orc.
You kill the orc!
You feel sick.
You feel sick.
Items here: ))) [ †††.
You start resting.
You feel sick. x5
You are no longer poisoned.
You start resting.
HP restored.
There is a stone staircase leading down here.
A hobgoblin comes into view.
The hobgoblin moves out of view.
An orc comes into view. It is wielding a +0 hand axe.
An orc comes into view. It is wielding a +0 flail.
An orc priest comes into view. It is wielding a +0 mace.
An orc comes into view.
It is wielding a +0 club and carrying a wand of acid (8).
What are your orders? t - Shout!
Orders for allies: a - Attack new target. r - Retreat! s - Stop attacking. g - Guard the area. f - Follow me.
Anything else - Cancel.
You shout for attention!
The orc shouts!
You hear a shout! x6
There is a stone staircase leading down here.
You barely miss the orc. You grab the orc. You squeeze the orc!
You kill the orc!
Things that are here:
a +0 flail; a +0 leather armour
There is a stone staircase leading down here.
The orc zaps a wand.
The bolt of acid hits you! The acid corrodes you!
An orc comes into view. It is wielding a +0 mace.
An orc comes into view. It is wielding a +0 flail.
An orc comes into view. It is wielding a +0 trident.
The orc zaps a wand.
The bolt of acid hits you!!!
Ouch! That really hurt!
You die...

#......# #.########.# #......#
#.. #.# #......############.#
#.......).....).....#
############......##############
................>##
.................#
####.......#####.## #.......#
#@.# #.......# #o.## #.......#
#...# ####.......# #.#.#
....######## #.#.# ....#
#####oo.# ....# #........# .####
#....o..).# .# #.........#


You could see 4 orcs.

Vanquished Creatures
  Menkaure (D:4)
  A scorpion (D:4)
  A vampire bat (D:4)
  A hound (D:3)
  A jelly (D:4)
  2 orc wizards
  11 adders
  An ufetubus (D:4)
  4 worms
  2 dart slugs (D:2)
  3 fire bats (D:4)
  20 orcs
  2 spectral bats (D:4)
  3 bat skeletons (D:4)
  A bat zombie (D:4)
  An endoplasm (D:1)
  6 giant cockroaches
  4 goblins
  6 hobgoblins
  4 quokkas
  7 ball pythons
  16 bats
  A bat simulacrum (D:4)
  3 frilled lizards
  5 kobolds
  5 rats
112 creatures vanquished.

Vanquished Creatures (others)
  143 foxfires
143 creatures vanquished.

Grand Total: 255 creatures vanquished

Notes
Turn   | Place    | Note
-------+----------+-------------------------------------------
     0 | D:1      | croobank the Octopode Fire Elementalist began the quest for
                  | the Orb.
     0 | D:1      | Reached XP level 1. HP: 11/11 MP: 3/3
   427 | D:1      | Reached XP level 2. HP: 10/17 MP: 0/5
   430 | D:1      | Reached skill level 3 in Stealth
   680 | D:1      | Learned a level 2 spell: Scorch
   753 | D:1      | Found a faded altar of an unknown god.
  1310 | D:1      | Reached XP level 3. HP: 16/21 MP: 1/6
  1617 | D:2      | HP: 1/21 [quokka (4)]
  1915 | D:2      | Reached XP level 4. HP: 27/27 MP: 3/7
  1962 | D:2      | Learned a level 4 spell: Flame Wave
  2742 | D:3      | Reached skill level 4 in Stealth
  2759 | D:3      | Reached XP level 5. HP: 32/32 MP: 0/8
  3542 | D:3      | Reached skill level 1 in Fighting
  3627 | D:2      | Reached XP level 6. HP: 38/38 MP: 0/10
  3808 | D:4      | Noticed Menkaure
  3808 | D:4      | Found Poitt's Magic Scroll Shop.
  3812 | D:4      | Killed Menkaure
  3825 | D:4      | Bought a scroll of identify for 22 gold pieces
  3825 | D:4      | Bought a scroll of identify for 22 gold pieces
  4119 | D:4      | Reached skill level 5 in Stealth
  4119 | D:4      | Reached XP level 7. HP: 38/45 MP: 0/11
  5333 | D:4      | Killed from afar by an orc

Illustrated notes

Levels and vault maps discovered:
D:1:      psy_arrival_whirlpool, layout_loops_corners,
          nicolae_ecumenical_lake_church, minmay_crystal_water,
          hangedman_abyss_or_decor_lesser_grid, grunt_decor_one_mirror
D:2:      layout_loops_cross, minmay_pentomino_u4
D:3:      layout_rooms
D:4:      layout_basic, serial_shops, nicolae_stop_n_shop_1, goddamned_bats,
          uniq_menkaure

Skill      XL: |  1  2  3  4  5  6 |
---------------+-------------------+-----
Stealth        | 3 4 5 |  5.5
Conjurations   | 2 3 |  3.2
Fighting       | 1 2 |  2.4
Dodging        | 3 |  3.6
Spellcasting   | 3 |  3.5
Fire Magic     | 4 |  4.4

Action                   |  1- 3 |  4- 6 |  7- 9 || total
-------------------------+-------+-------+-------++-------
Melee: Unarmed           |     9 |       |       ||     9
       Tentacles         |     5 |     4 |    14 ||    23
       Constrict         |     4 |     9 |    11 ||    24
       Short sword       |    12 |    34 |    26 ||    72
       Dagger            |       |       |    25 ||    25
       Punch             |       |       |     1 ||     1
 Cast: Foxfire           |    35 |    50 |     2 ||    87
       Scorch            |     7 |    31 |     2 ||    40
       Flame Wave        |       |     1 |     2 ||     3
  Use: Scroll            |       |     7 |     2 ||     9
       Potion            |       |     7 |       ||     7
 Stab: Sleeping          |       |     1 |     1 ||     2
Armor: Skin              |     5 |    14 |    19 ||    38
Dodge: Dodged            |    24 |    42 |    67 ||   133

Table legend: (Time is in decaauts)
 A = Elapsed time spent in this place.
 B = Non-inter-level travel time spent in this place.
 C = Inter-level travel time spent in this place.
 D = Time resting spent in this place.
 E = Time spent auto-exploring this place.
 F = Levels seen in this place.
 G = Mean time per level.
                   A        B        C        D        E       F      G
               +--------+--------+--------+--------+--------+-----+--------+
         Total |   5329 |   5224 |    105 |   1518 |   2876 |   4 | 1332.2 |
       Dungeon |   5329 |   5224 |    105 |   1518 |   2876 |   4 | 1332.2 |
               +--------+--------+--------+--------+--------+-----+--------+

Top non-repeatable levels by time:
     D:2: 1761 daAuts
     D:1: 1364 daAuts
     D:4: 1285 daAuts
     D:3: 917 daAuts
